 Dungeon Crawl Stone Soup version 0.30-a0-1075-gcd70e7a56d (webtiles) character file.

Game seed: 456370194731355356

62 kae the Insei (level 3, 0/26 HPs)
             Began as a Demonspawn Transmuter on Apr 14, 2023.
             Slain by an adder (2 damage)
             ... on level 3 of the Dungeon.
             The game lasted 00:01:47 (2272 turns).

kae the Insei (Demonspawn Transmuter)               Turns: 2272, Time: 00:01:48

Health: 0/26       AC:  2    Str: 10    XL:     3   Next: 85%
Magic:  6/6        EV: 12    Int: 16    God:
Gold:   151        SH:  0    Dex: 13    Spells: 1/7 levels left

rFire   . . .      SeeInvis .      - Unarmed
rCold   . . .      Faith    .    (no shield)
rNeg    . . .      Spirit   .    a - +0 robe
rPois   .          Reflect  .    (helmet currently unavailable)
rElec   .          Rampage  .    (no cloak)
rCorr   .                        (no gloves)
Will    .....                    (boots currently unavailable)
Stlth   +                        (no amulet)
HPRegen 0.24/turn                (no ring)
MPRegen 0.10/turn                (no ring)

@: lethally poisoned (0 -> -8), appendages
A: horns 2, talons 2, demonic magic 1
a: End Transformation


You were on level 3 of the Dungeon.
You had temporarily grown beastly horns and talons.
You visited 1 branch of the dungeon, and saw 3 of its levels.

You collected 151 gold pieces.


Innate Abilities, Weirdness & Mutations

You have temporarily grown beastly horns and talons.
Spells you cast may paralyse adjacent enemies.


   Skills:
 - Level 1.0 Fighting
 - Level 1.7 Dodging
 + Level 3.1 Unarmed Combat
 + Level 2.5 Spellcasting
 * Level 2.9 Transmutations
 * Level 0.8 Poison Magic


You had one spell level left.
You knew the following spells:

 Your Spells              Type           Power      Damage    Failure   Level
a - Beastly Appendage     Tmut           22%        N/A       6%          1
b - Wereblood             Tmut           11%        N/A       9%          2
c - Spider Form           Tmut/Pois      8%         N/A       26%         3

Your spell library contained the following spells:

 Spells                   Type           Power      Damage    Failure   Level
 Sandblast                Erth           4%         2d4       21%         1
 Passwall                 Tmut/Erth      5%         N/A       16%         2
 Stone Arrow              Conj/Erth      4%         3d7       52%         3
 Ice Form                 Ice/Tmut       6%         N/A       71%         4

Inventory:

Missiles
 c - 4 poisoned darts
 d - 57 stones
Armour
 a - a +0 robe (worn)
Magical Staves
 e - a staff of poison {!a}
   (You found it on level 1 of the Dungeon)
Scrolls
 i - 3 scrolls of identify {@r1}
Potions
 b - a potion of lignification {!q}
 f - a potion of attraction {!q}
 g - 2 potions of invisibility {unknown}
 h - a potion of curing {@q1}
 j - a potion of ambrosia {unknown}

Dungeon Overview and Level Annotations

Branches:
Dungeon (3/15) Zot: 15731

Altars:
Ru

#....... ###+###+###
#....... .......#..#
#.......
.......#..####......#
##+###'..'.........#
+...+.#..##.#......#
#..[#.#..#..########
#._S#.'##'.##
#..@#.#..#.#
+...'.#..#.#
##+###'..+.#
.......#..###
.......#..#
###+###+###


You could see an adder.


Message History

Confirm with . or Enter, or press ? or * to list all spells.
You grow a pair of large bovine horns.
Your feet morph into talons.
Malevolent energies surge around you.
The endoplasm quivers.
The endoplasm closely misses you. 😎 MP[-1]
You lost 1 mp, and now have 5/6 mp.
You hit the endoplasm but do no damage. The endoplasm freezes you.
You are frozen.
You barely miss the endoplasm.
You claw the endoplasm, but do no damage.
The endoplasm hits you. 😮 HP[-7]
You take 7 damage, and now have 19/26 hp.
MASSIVE DAMAGE!! (PAUSE)
An endoplasm is nearby!
You hit the endoplasm. You headbutt the endoplasm.
You kill the endoplasm!
No target in view! 😕 HP[+1] No target in view!
No target in view!
There is an open door here.
Unknown command.
Your transformation is almost over.
There is an open door here.
Your horns disappear.
Your talons disappear.
Found a stone staircase leading down. 😎 HP[+6] MP[+1]
Your hp is fully restored (26).
Your mp is fully restored (6).
i - 3 scrolls of identify {@r1} You open the door.
There is an open door here.
j - a fizzy golden potion You open the door.
There is an open door here.
You open the door.
There is an open door here.
You open the door.
There is an open door here.
You open the door.
There is an open door here.
There is an open door here.
You open the door.
There is an open door here.
You open the door.
Found a sacrificial altar of Ru.
An adder comes into view.
There is an open door here.
Casting: Beastly Appendage (safe; 6% risk of failure)
Confirm with . or Enter, or press ? or * to list all spells.
You grow a pair of large bovine horns.
Your feet morph into talons.
Malevolent energies surge around you.
The adder hisses angrily. 😎 MP[-1]
You lost 1 mp, and now have 5/6 mp.
The adder barely misses you. The adder bites you.
You are poisoned.
The adder poisons you!
You hit the adder. Your kick misses the adder. You headbutt the adder.
You feel sick. The adder bites you. 😕 HP[-4]
You take 4 damage, and now have 22/26 hp.
You closely miss the adder. You claw the adder.
You feel sick. The adder closely misses you.
You barely miss the adder. Your kick misses the adder.
Your headbutt misses the adder.
You feel sick. The adder closely misses you. 😕 HP[-1]
You take 1 damage, and now have 21/26 hp.
You miss the adder.
You feel sick. The adder bites you.
You are more poisoned.
The adder poisons you! The adder barely misses you. 😮 HP[-2]
You take 2 damage, and now have 19/26 hp.
You miss the adder.
You feel sick. The adder bites you.
You are more poisoned.
The adder poisons you! 😮 HP[-5]
You take 5 damage, and now have 14/26 hp.
You barely miss the adder. You headbutt the adder. Your punch misses the adder.
You feel sick. The adder bites you.
* * * LOW HITPOINT WARNING * * *
You are more poisoned.
The adder poisons you! 😨 HP[-6]
You take 6 damage, and now have 8/26 hp.
MASSIVE DAMAGE!! (PAUSE)
You barely miss the adder.
* * * LOW HITPOINT WARNING * * *
You feel very sick. The adder bites you.
* * * LOW HITPOINT WARNING * * *
😱 HP[-3]
You take 3 damage, and now have 5/26 hp.
You hit the adder but do no damage. Your kick misses the adder.
* * * LOW HITPOINT WARNING * * *
You feel very sick. The adder bites you.
You die...

Skill      XL: |  1  2 |
---------------+-------+-----
Transmutations | 2 |  2.9
Unarmed Combat | 3 |  3.1
Fighting       | |  1.0
Dodging        | |  1.7
Spellcasting   | |  2.5
Poison Magic   | |  0.8

Action                     || total
---------------------------++-------
  Melee: Unarmed           ||   114
         Kick              ||    18
         Headbutt          ||    14
         Punch             ||     1
   Cast: Beastly Appendage ||    31
    Use: Scroll            ||     4
   Stab: Paralysed         ||     1
 Armour: Robe              ||    18
  Dodge: Dodged            ||    85

Levels and vault maps discovered:
D:1:      wander_arrival_lonely_grave, layout_basic, minivault_14,
          minmay_misc_feat_nine_boxes, minmay_crystal_room
D:2:      layout_loops_ring, hellmonk_ecumenical_altar_pennies_from_heaven,
          nicolae_eternal_life, patterned_corridor
D:3:      layout_basic, mainiacjoe_overflow_24_doors, slow_altar_2,
          grunt_ministairs_9, nicolae_nh_oracle_at_delphi

Notes
Turn   | Place    | Note
-------+----------+-------------------------------------------
     0 | D:1      | kae the Demonspawn Transmuter began the quest for the Orb.
     0 | D:1      | Reached XP level 1. HP: 15/15 MP: 3/3
     0 | D:1      | magus.rc [v1.11.3]
   128 | D:1      | Reached skill level 2 in Transmutations
   217 | D:1      | Gained mutation: Spells you cast may paralyse adjacent
                  | enemies. [demonic ancestry]
   217 | D:1      | Reached XP level 2. HP: 12/21 MP: 5/5
   980 | D:1      | Learned a level 2 spell: Wereblood
  1095 | D:2      | Reached skill level 3 in Unarmed Combat
  1177 | D:2      | Reached XP level 3. HP: 21/26 MP: 4/6
  1181 | D:2      | Learned a level 3 spell: Spider Form
  1337 | D:2      | Found a faded altar of an unknown god.
  2008 | D:3      | You pick up a book of Geomancy and begin reading...
  2008 | D:3      | You add the spells Sandblast, Passwall and Stone Arrow to
                  | your library.
  2260 | D:3      | Found a sacrificial altar of Ru.
  2271 | D:3      | HP: 6/26 [poisoned by an adder]
  2272 | D:3      | HP: 2/26 [poisoned by an adder]
  2272 | D:3      | Slain by an adder

Vanquished Creatures
  2 adders
  2 dart slugs
  4 bats
  3 endoplasms
  2 giant cockroaches
  A goblin (D:2)
  3 hobgoblins (D:1)
  6 quokkas
  6 ball pythons
  2 frilled lizards
  6 kobolds
  3 rats
40 creatures vanquished.

Table legend:
 A = Non-vault XP
 B = Vault XP
 C = Vault XP percentage of total XP
 D = Non-vault monster count
 E = Vault monster count
 F = Vault count percentage of total count
                 A         B        C        D         E       F
            +---------+---------+-------+---------+---------+-------
      Total |      89 |       0 |   0.0 |      40 |       0 |   0.0
            +---------+---------+-------+---------+---------+-------
        D:1 |      32 |       0 |   0.0 |      19 |       0 |   0.0
        D:2 |      39 |       0 |   0.0 |      17 |       0 |   0.0
        D:3 |      18 |       0 |   0.0 |       4 |       0 |   0.0
            +---------+---------+-------+---------+---------+-------

Illustrated notes

Table legend:
 A = Kills in this place as a percentage of kills in the entire game.
 B = Kills by you in this place as a percentage of kills by you in the entire game.
 C = Kills by friends in this place as a percentage of kills by friends in the entire game.
 D = Other kills in this place as a percentage of other kills in the entire game.
 E = Experience gained in this place as a percentage of experience gained in the entire game.
 F = Experience gained in this place divided by the number of levels of this place that you have seen.
                   A       B       C       D       E      F
               +-------+-------+-------+-------+-------+----------------------
         Total | 100.0 | 100.0 |   N/A |   N/A | 100.0 |  29.7
       Dungeon | 100.0 | 100.0 |   N/A |   N/A | 100.0 |  29.7
               +-------+-------+-------+-------+-------+----------------------

Table legend: (Time is in decaauts)
 A = Elapsed time spent in this place.
 B = Non-inter-level travel time spent in this place.
 C = Inter-level travel time spent in this place.
 D = Time resting spent in this place.
 E = Time spent auto-exploring this place.
 F = Levels seen in this place.
 G = Mean time per level.
                   A        B        C        D        E       F      G
               +--------+--------+--------+--------+--------+-----+--------+
         Total |   2268 |   2199 |     69 |      0 |   1885 |   3 |  756.0 |
       Dungeon |   2268 |   2199 |     69 |      0 |   1885 |   3 |  756.0 |
               +--------+--------+--------+--------+--------+-----+--------+

Top non-repeatable levels by time:
     D:1: 1008 daAuts
     D:2: 888 daAuts
     D:3: 371 daAuts
